 Dungeon Crawl Stone Soup version 0.32-a0-921-g04a7ad8e02 (webtiles) character file.

Game seed: 7811401381700230707

280 SkaryMonk the Chopper (level 6, -1/47 HPs)
             Began as a Coglin Gladiator on Apr 12, 2024.
             Slain by a centaur (2 damage)
             ... on level 4 of the Dungeon.
             The game lasted 00:02:59 (1551 turns).

SkaryMonk the Chopper (Coglin Gladiator)            Turns: 1551, Time: 00:03:00

Health: -1/47      AC:  5    Str: 16    XL:     6   Next: 27%
Magic:  6/6        EV: 12    Int:  8    God:
Gold:   148        SH:  0    Dex: 15    Spells: 5/5 levels left

rFire   . . .        a - +0 war axe {Teghnoor}
rCold   . . .        f - +0 dagger {Suphaphon}
rNeg    . . .        b - +0 leather armour
rPois   .            c - +0 helmet
rElec   .            (no cloak)
rCorr   .            (no gloves)
SInv    .            h - +0 pair of boots {Stlth+}
Will    .....        (amulet unavailable)
Stlth   ++           (ring unavailable)
HPRegen 0.27/turn    (ring unavailable)
MPRegen 0.10/turn    (no gizmo)

%: no passive effects
@: revved
A: off-hand wielding, slow wielding, warmup strikes, no jewellery
a: Invent Gizmo


You were on level 4 of the Dungeon.
You visited 1 branch of the dungeon, and saw 4 of its levels.

You collected 148 gold pieces.

Inventory:

Hand Weapons
 a - a +0 war axe (weapon) {Teghnoor}
 f - a +0 dagger (offhand) {Suphaphon}
Missiles
 d - 3 throwing nets (quivered)
 e - a javelin
 i - 3 boomerangs
 k - 2 curare-tipped darts
 l - 2 darts of dispersal
Armour
 b - a +0 leather armour (worn)
 c - a +0 helmet (worn)
 h - a +0 pair of boots of stealth (worn)
Wands
 n - a wand of charming (3)
 o - a wand of iceblast (12)
Scrolls
 g - a scroll of vulnerability {unknown}
 q - a scroll of immolation
Potions
 j - 3 potions of curing
 p - a potion of resistance


   Skills:
 + Level 3.1 Fighting
 * Level 4.6 Axes
 + Level 2.8 Throwing
 + Level 1.9 Armour
 + Level 3.4 Dodging


You had 5 spell levels left.
You didn't know any spells.
Your spell library contained the following spells:

 Spells                   Type           Power      Damage    Failure   Level
 Stone Arrow              Conj/Erth      0%         3d7       85%         3
 Animate Armour           Summ/Erth      0%         N/A       99%         4
 Lehudib's Crystal Spear  Conj/Erth      0%         10d2      100%        8


Dungeon Overview and Level Annotations

Branches:
Dungeon (4/15)
 Temple: D:4-7

Altars:
Fedhas

Annotations:
D:2 exclusion: downstairs
D:3 Grinder


Innate Abilities, Weirdness & Mutations

You can wield a second weapon in your off-hand.
It takes a long time for you to wield or remove held weapons.
Your first few attacks do less damage.
You cannot equip rings or amulets.


Message History

* * * LOW HITPOINT WARNING * * *
The centaur closely misses you. The centaur misses you.
The centaur kicks you but does no damage.
The centaur closely misses you.
The centaur kicks you but does no damage.
You feel better. The centaur hits you. The centaur barely misses you.
The centaur misses you. The centaur kicks you. The centaur closely misses you.
The centaur kicks you but does no damage.
You hit the centaur with your +0 war axe.
The centaur is heavily wounded.
You barely miss the centaur with your +0 war axe.
You hit the centaur with your +0 dagger.
The centaur misses you. The centaur kicks you.
* * * LOW HITPOINT WARNING * * *
The centaur hits you.
* * * LOW HITPOINT WARNING * * *
The centaur kicks you but does no damage.
The centaur hits you but does no damage.
The centaur barely misses you. The centaur hits you.
* * * LOW HITPOINT WARNING * * *
The centaur kicks you but does no damage.
You hit the centaur but do no damage.
The centaur is severely wounded.
You hit the centaur with your +0 war axe.
You closely miss the centaur with your +0 dagger.
The centaur closely misses you. The centaur misses you. The centaur hits you.
* * * LOW HITPOINT WARNING * * *
The centaur kicks you but does no damage.
You hit the centaur with your +0 dagger.
The centaur is almost dead.
You closely miss the centaur with your +0 war axe.
You hit the centaur with your +0 war axe.
The centaur barely misses you.
The centaur kicks you but does no damage.
The centaur hits you.
* * * LOW HITPOINT WARNING * * *
The centaur kicks you.
* * * LOW HITPOINT WARNING * * *
The centaur barely misses you. x2; The centaur hits you.
You die...

#..>#####.#.#.##.##.#.#
#.#.......#.#.##.##.#.#
.....######.#.......#.#
..##...## ....#.#..#.#
..#.....# .........#.#
....#.#.# .##.##..##.#
.##.....# ##...##.##.#
รท##.#.#.#..#..##.#.#
........#.....:c@..#
..#.#####..#.##c.#.......
........ #...##..g....
......## ##.# ........
.)....# ... .##.....
))....# #### . .....
........ .# #####
......## ......#


You could see 2 centaurs and a hobgoblin.

Vanquished Creatures
  A howler monkey (D:4)
  A bombardier beetle (D:4)
  A jelly (D:4)
  2 orc wizards (D:4)
  Robin (D:2)
  7 adders
  3 dart slugs
  3 orcs (D:4)
  3 ball pythons
  An endoplasm (D:1)
  3 giant cockroaches
  7 goblins
  6 hobgoblins
  3 jackals (D:2)
  3 bats (D:2)
  A frilled lizard (D:2)
  5 kobolds
  2 rats (D:2)
53 creatures vanquished.

Notes
Turn   | Place    | Note
-------+----------+-------------------------------------------
     0 | D:1      | SkaryMonk the Coglin Gladiator began the quest for the Orb.
     0 | D:1      | Reached XP level 1. HP: 16/16 MP: 1/1
   169 | D:1      | Reached XP level 2. HP: 20/22 MP: 2/2
   272 | D:2      | Reached XP level 3. HP: 27/27 MP: 3/3
   320 | D:2      | Noticed Robin
   426 | D:2      | Reached skill level 1 in Armour
   501 | D:2      | Reached XP level 4. HP: 32/34 MP: 4/4
   515 | D:2      | Killed Robin
   818 | D:3      | Noticed Grinder
   818 | D:3      | Found a faded altar of an unknown god.
   974 | D:4      | Reached skill level 4 in Axes
   974 | D:4      | Reached XP level 5. HP: 39/39 MP: 5/5
  1137 | D:4      | Found Pepnamp's Distillery.
  1254 | D:4      | Reached XP level 6. HP: 39/47 MP: 6/6
  1492 | D:4      | Found a blossoming altar of Fedhas.
  1551 | D:4      | HP: 1/47 [centaur (2)]
  1551 | D:4      | Slain by a centaur

Illustrated notes

Levels and vault maps discovered:
D:1:      ncdulo_watergridlock, layout_rooms
D:2:      layout_rooms, uniq_robin
D:3:      layout_loops_ring, minitemple, dreamdust_ecumenical_altar_grove,
          uniq_natasha, uniq_grinder
D:4:      layout_loops_ring, fedhas_ov_isle_minmay, serial_co_window_serial,
          co_window_paths_b, co_window_paths_a, co_window_corner_a,
          co_window_of_opportunity_a, co_window_paths_b, co_window_paths_a,
          co_window_of_opportunity_a, co_window_of_opportunity_a,
          co_window_corner_a, co_window_2corner, co_window_corner_b,
          co_window_2corner, co_window_4corner_a, glass_columns_a,
          glass_columns_a, glass_columns_a, glass_columns_c, serial_shops,
          nicolae_shop_window_shopping, minmay_manual_mares

Skill      XL: |  1  2  3  4  5 |
---------------+----------------+-----
Throwing       | 2 |  2.8
Armour         | 1 |  1.9
Dodging        | 3 |  3.4
Axes           | 4 |  4.6
Fighting       | 3 |  3.1

Action                     |  1- 3 |  4- 6 || total
---------------------------+-------+-------++-------
  Melee: War axe           |    61 |    71 ||   132
         Dagger            |    61 |    61 ||   122
    Use: Scroll            |       |     3 ||     3
         Potion            |       |     1 ||     1
   Stab: Sleeping          |     2 |     3 ||     5
 Armour: Leather armour    |    48 |    81 ||   129
  Dodge: Dodged            |    56 |    69 ||   125

Table legend: (Time is in decaauts)
 A = Elapsed time spent in this place.
 B = Non-inter-level travel time spent in this place.
 C = Inter-level travel time spent in this place.
 D = Time resting spent in this place.
 E = Time spent auto-exploring this place.
 F = Levels seen in this place.
 G = Mean time per level.
                   A        B        C        D        E       F      G
               +--------+--------+--------+--------+--------+-----+--------+
         Total |   1578 |   1499 |     79 |    107 |   1015 |   4 |  394.5 |
       Dungeon |   1578 |   1499 |     79 |    107 |   1015 |   4 |  394.5 |
               +--------+--------+--------+--------+--------+-----+--------+

Top non-repeatable levels by time:
     D:4: 697 daAuts
     D:2: 541 daAuts
     D:1: 310 daAuts
     D:3: 29 daAuts
